 Dungeon Crawl Stone Soup version 0.27.1-33-g824d729ab1 (webtiles) character file.

Game seed: 11641349442842485842

111 zeram the Poker (level 4, 0/35 HPs)
             Began as a Merfolk Fighter on Dec 15, 2021.
             Slain by a scorpion (3 damage)
             ... on level 4 of the Dungeon.
             The game lasted 00:02:59 (2794 turns).

zeram the Poker (Merfolk Fighter)                   Turns: 2794, Time: 00:03:00

Health: 0/35       AC:  6    Str: 17    XL:     4   Next: 92%
Magic:  4/4        EV:  7    Int:  7    God:
Gold:   158        SH: 10    Dex: 13    Spells: 3/3 levels left

rFire    . . .     SeeInvis .   a - +0 trident
rCold    . . .     Faith    .   c - +1 kite shield
rNeg     . . .     Spirit   .   b - +0 scale mail
rPois    .         Reflect  .   (no helmet)
rElec    .         Harm     .   (no cloak)
rCorr    .         Rampage  .   (no gloves)
Will     .....                  (no boots)
Stlth    ..........             (no amulet)
HPRegen  0.11/turn              (no ring)
MPRegen  0.09/turn              (no ring)

@: invisible
A: (nimble swimmer 2), mertail
a: no special abilities


You were on level 4 of the Dungeon.
You visited 1 branch of the dungeon, and saw 4 of its levels.

You collected 158 gold pieces.

Inventory:

Hand Weapons
 a - a +0 trident (weapon)
Armour
 b - a +0 scale mail (worn)
 c - a +1 kite shield (worn)
Jewellery
 l - an amulet of guardian spirit
Scrolls
 g - 2 scrolls of enchant weapon
Potions
 d - 2 potions of might
 e - a potion of attraction
 i - a potion of degeneration


   Skills:
 - Level 3.2 Fighting
 + Level 5.2 Polearms
 - Level 2.1 Armour
 + Level 1.3 Dodging
 + Level 4.3 Shields


You had 3 spell levels left.
You didn't know any spells.
Your spell library was empty.

Dungeon Overview and Level Annotations

Branches:
Dungeon (4/15)
 Temple: D:4-7

Altars:
The Shining One

Shops:
D:4 =


Innate Abilities, Weirdness & Mutations

((You are quick and stealthy near water. (Stealth+, EV+, Speed+++)))
Your lower body shifts to a powerful aquatic tail in water.


Message History

You feel sick. You block the adder's attack.
The scorpion stings you but does no damage.
The scorpion stings you.
You are more poisoned.
The scorpion poisons you! You block the adder's attack.
You feel very sick.
You barely miss the adder.
The adder is almost dead.
You feel very sick. The adder bites you but does no damage.
The adder closely misses you.
You closely miss the adder.
The adder is almost dead.
You feel sick. You block the adder's attack.
You hit the adder.
You kill the adder!
You feel sick. You block the scorpion's attack.
Unknown command.
You hit the scorpion.
The scorpion is lightly wounded.
You feel sick. You block the scorpion's attack. x2
You puncture the scorpion!
The scorpion is severely wounded.
You feel sick. You block the scorpion's attack.
You completely miss the scorpion.
The scorpion is severely wounded.
You feel sick. You block the scorpion's attack. x2
You barely miss the scorpion.
The scorpion is severely wounded.
You feel sick.
You are no longer poisoned.
You block the scorpion's attack.
You barely miss the scorpion.
The scorpion is severely wounded.
You block the scorpion's attack. x2
You closely miss the scorpion.
The scorpion is severely wounded.
You block the scorpion's attack.
You fade into invisibility!
The scorpion barely misses you. The scorpion stings you.
You die...

.....##########...#..##
[....# ###...#..#
###### #.......#
##.#.#.#.#
####...#....#
......#.#...#
##..#...#..#
#.#..∩.s#.#
#..#..@#..##
##..#.#....#
#...#.........
####.#........
.........$[. ###
#.##.###. #.# .# #.# #
#.#


You could see a scorpion.

Vanquished Creatures
  4 adders
  2 worms
  5 dart slugs
  An orc (D:3)
  5 ball pythons
  4 bats
  3 endoplasms
  2 giant cockroaches
  6 goblins
  7 hobgoblins
  3 jackals (D:2)
  A quokka (D:3)
  4 frilled lizards
  4 kobolds
  6 rats
57 creatures vanquished.

Notes
Turn   | Place    | Note
-------+----------+-------------------------------------------
     0 | D:1      | zeram the Merfolk Fighter began the quest for the Orb.
     0 | D:1      | Reached XP level 1. HP: 18/18 MP: 1/1
   345 | D:1      | Reached XP level 2. HP: 17/24 MP: 2/2
  1095 | D:2      | Reached XP level 3. HP: 28/29 MP: 3/3
  1174 | D:2      | Reached skill level 4 in Polearms
  1401 | D:2      | Reached skill level 1 in Dodging
  1476 | D:2      | Reached XP level 4. HP: 33/35 MP: 4/4
  1776 | D:3      | Found a faded altar of an unknown god.
  1986 | D:3      | Found a glowing golden altar of the Shining One.
  2151 | D:3      | Reached skill level 5 in Polearms
  2770 | D:4      | Found Adaxar's Jewellery Shoppe.
  2778 | D:4      | Noticed a scorpion
  2794 | D:4      | Slain by a scorpion

Illustrated notes

Levels and vault maps discovered:
D:1:      giann_forest_graveyard, layout_loops_ring, due_unseen_surprise
D:2:      layout_rooms
D:3:      layout_basic, mainiacjoe_overflow_surrounded_room,
          shapermc_ecumenical_altar_acropolis
D:4:      layout_basic, mainiacjoe_overflow_small_starburst, serial_shops, shop,
          kennysheep_little_box, nicolae_diamond_shop,
          hangedman_abyss_or_decor_lesser_grid

Skill      XL: |  1  2  3  4 |
---------------+-------------+-----
Polearms       | 4 5 |  5.2
Shields        | 4 |  4.3
Dodging        | 1 |  1.3
Fighting       | |  3.2
Armour         | |  2.1

Action                   |  1- 3 |  4- 6 || total
-------------------------+-------+-------++-------
Melee: Trident           |   130 |    82 ||   212
  Use: Scroll            |       |     8 ||     8
       Potion            |       |     1 ||     1
Armor: Scale mail        |    31 |    17 ||    48
Dodge: Dodged            |    35 |    15 ||    50
Block: Kite shield       |    52 |    44 ||    96
